 Dungeon Crawl Stone Soup version 0.28-b1-1-g3c77fb2 (webtiles) character file.

Game seed: 4694401215224655822

805 BALLS the Slasher (level 7, -8/38 HPs)
             Began as a Vine Stalker Fighter on Jan 26, 2022.
             Mangled by Duvessa (15 damage)
             ... on level 4 of the Dungeon.
             The game lasted 00:05:14 (3296 turns).

BALLS the Slasher (Vine Stalker Fighter)            Turns: 3296, Time: 00:05:15

Health: -8/38      AC:  7    Str: 20    XL:     7   Next: 91%
Magic:  0/17       EV:  9    Int:  8    God:
Gold:   157        SH:  4    Dex: 14    Spells: 6/6 levels left

rFire   . . .      SeeInvis .   a - +0 long sword
rCold   . . .      Faith    .   c - +0 buckler
rNeg    . . .      Spirit   +   b - +0 scale mail
rPois   .          Reflect  .   (no helmet)
rElec   .          Harm     .   o - +0 cloak
rCorr   .          Rampage  .   (no gloves)
Will    .....                   (no boots)
Stlth   ..........              (no amulet)
HPRegen 0.92/turn               q - ring of magical power
MPRegen 0.15/turn               (no ring)

@: no status effects
A: fangs 2, regeneration 1, magic shield, antimagic bite, no potion heal 2
a: no special abilities


You were on level 4 of the Dungeon.
You visited 1 branch of the dungeon, and saw 4 of its levels.

You collected 157 gold pieces.

Inventory:

Hand Weapons
 a - a +0 long sword (weapon)
 h - a +0 scimitar
Armour
 b - a +0 scale mail (worn)
 c - a +0 buckler (worn)
 o - a +0 cloak (worn)
Jewellery
 q - a ring of magical power (left hand)
Scrolls
 f - 2 scrolls of silence
 i - a scroll of enchant weapon {unknown}
 k - a scroll of fear
 m - a scroll of amnesia {unknown}
 p - a scroll of summoning {unknown}
Potions
 d - a potion of might
 e - 2 potions of curing {unknown}
 g - 2 potions of flight {unknown}
 j - a potion of brilliance {unknown}
 l - 2 potions of magic {unknown}
 n - a potion of haste {unknown}


   Skills:
 + Level 4.8 Fighting
 - Level 7.0 Long Blades
 - Level 2.4 Armour
 - Level 2.6 Shields


You had 6 spell levels left.
You didn't know any spells.
Your spell library was empty.

Dungeon Overview and Level Annotations

Branches:
Dungeon (4/15)
 Temple: D:4-7

Altars:
Yredelemnul

Annotations:
D:4 Duvessa


Innate Abilities, Weirdness & Mutations

You have extremely sharp teeth.
Your natural rate of healing is unusually fast.
When hurt, damage is shared between your health and your magic reserves.
Your bite disrupts and absorbs the magic of your enemies.
Potions cannot restore your health.


Message History

You feel a little less mighty now.
Things that are here:
a +0 hand axe; a +0 robe
Found a stone staircase leading down.
Found a stone staircase leading up.
Found a stone staircase leading up.
q - a ring of magical power You feel your magic capacity increase.
q - a ring of magical power (left hand) Duvessa, Sister of Dowan comes into view.
She is wielding a +0 rapier of speed and carrying a wand of flame (11).
Duvessa shouts!
Duvessa goes berserk!
Duvessa rages.
Duvessa hits you with a +0 rapier of speed.
You hit Duvessa.
Duvessa is lightly wounded.
Duvessa barely misses you.
Duvessa hits you with a +0 rapier of speed! x2
Duvessa hits you with a +0 rapier of speed.
* * * LOW HITPOINT WARNING * * *
You block Duvessa's attack.
You can't see any enemies this would affect, really read the scroll of fear? [Y]es or [N]o only, please.
You can't see any enemies this would affect, really read the scroll of fear?
Okay, then.
Duvessa rages.
Duvessa hits you with a +0 rapier of speed!
* * * LOW HITPOINT WARNING * * *
Duvessa hits you but does no damage. Duvessa hits you but does no damage.
Duvessa hits you with a +0 rapier of speed.
* * * LOW HITPOINT WARNING * * *
Duvessa barely misses you.
Duvessa rages.
Duvessa hits you with a +0 rapier of speed.
* * * LOW HITPOINT WARNING * * *
Duvessa barely misses you. You block Duvessa's attack.
Duvessa hits you with a +0 rapier of speed!
You die...

......
..............#
......
.........######
...#.#
..........######
..##.#
...............#
...............#
...............#
...........#####
.# ........e##
.#
..#....@######
.# ...
..##...........
.# ....
#..#######.#
###.... #..#
....>.# #..#
......# #..#
......# #..#
......# #..#
......# #..#


You could see Duvessa (berserk).

Vanquished Creatures
  Grinder (D:3)
  Blork the orc (D:4)
  A scorpion (D:4)
  Dowan (D:4)
  A vampire bat (D:4)
  A howler monkey (D:4)
  An orc priest (D:3)
  A jelly (D:4)
  An orc wizard (D:2)
  A hound zombie (D:3)
  7 adders
  3 worms
  2 dart slugs
  3 fire bats (D:4)
  6 orcs
  2 spectral bats (D:4)
  3 bat skeletons (D:4)
  A bat zombie (D:4)
  8 endoplasms
  2 giant cockroaches (D:1)
  5 goblins
  13 hobgoblins
  10 jackals
  3 quokkas
  5 ball pythons
  A ball python zombie (D:3)
  16 bats
  A bat simulacrum (D:4)
  2 frilled lizards
  5 kobolds
  4 rats
112 creatures vanquished.

Notes
Turn   | Place    | Note
-------+----------+-------------------------------------------
     0 | D:1      | BALLS the Vine Stalker Fighter began the quest for the Orb.
     0 | D:1      | Reached XP level 1. HP: 11/11 MP: 2/2
     1 | D:1      | Found a runed translucent door.
    37 | D:1      | Reached skill level 2 in Long Blades
    81 | D:1      | Reached XP level 2. HP: 11/16 MP: 3/3
   308 | D:1      | Found a faded altar of an unknown god.
   667 | D:1      | Reached skill level 3 in Long Blades
   675 | D:1      | Reached XP level 3. HP: 14/19 MP: 4/4
  1853 | D:2      | Gained mutation: Your natural rate of healing is unusually
                  | fast. [Vine Stalker growth]
  1853 | D:2      | Reached XP level 4. HP: 20/23 MP: 5/5
  1995 | D:2      | Reached skill level 4 in Long Blades
  2406 | D:3      | Reached XP level 5. HP: 21/27 MP: 3/6
  2471 | D:3      | Reached skill level 5 in Long Blades
  2644 | D:3      | Noticed Grinder
  2667 | D:3      | Killed Grinder
  2668 | D:3      | Reached skill level 6 in Long Blades
  2668 | D:3      | Reached XP level 6. HP: 25/32 MP: 5/7
  2728 | D:3      | Found a basalt altar of Yredelemnul.
  2771 | D:3      | Reached XP level 7. HP: 31/35 MP: 6/8
  2957 | D:4      | Reached skill level 7 in Long Blades
  2970 | D:4      | Noticed Dowan
  2995 | D:4      | Killed Dowan
  3118 | D:4      | Noticed Blork the orc
  3123 | D:4      | Killed Blork the orc
  3273 | D:4      | Noticed Duvessa
  3296 | D:4      | Mangled by Duvessa

Illustrated notes

Levels and vault maps discovered:
D:1:      dpeg_arrival_caged_fury, layout_loops_corners,
          hellmonk_ecumenical_altar_arch_garden, minmay_split_cup_large
D:2:      layout_loops_ring, kennysheep_doodads, amcnicky_mini_corridor_feature
D:3:      cheibrodos_old_hovel, layout_basic, lemuel_zombie_altar_yredelemnul,
          minivault_26, uniq_grinder
D:4:      layout_basic, goddamned_bats, uniq_duvessa, uniq_ijyb, uniq_eustachio,
          uniq_blork_the_orc

Skill      XL: |  1  2  3  4  5  6  7 |
---------------+----------------------+-----
Long Blades    | 2 3 4 6 7 |  7.0
Fighting       | 4 |  4.8
Armour         | |  2.4
Shields        | |  2.6

Action                   |  1- 3 |  4- 6 |  7- 9 || total
-------------------------+-------+-------+-------++-------
Melee: Long sword        |    95 |   124 |    74 ||   293
       Bite              |    11 |    32 |    22 ||    65
  Use: Scroll            |       |     1 |     1 ||     2
       Potion            |       |       |     1 ||     1
Armor: Scale mail        |    40 |    40 |    74 ||   154
Dodge: Dodged            |    36 |    46 |    56 ||   138
Block: Buckler           |    22 |    17 |    19 ||    58
